 Dungeon Crawl Stone Soup version 0.25.1-9-gc5326a611f (webtiles) character file.

Game seed: 11495487413920955497

3427 funkygono the Basher (level 9, -3/69 HPs)
             Began as a Demonspawn Abyssal Knight on Jan 1, 2021.
             Was an Elder of Lugonu.
             Slain by a hog (6 damage)
             ... on level 6 of the Dungeon.
             The game lasted 00:22:26 (9827 turns).

funkygono the Basher (Demonspawn Abyssal Knight)    Turns: 9827, Time: 00:22:26

Health: -3/69      AC: 13    Str: 21    XL:     9   Next: 76%
Magic:  13/13      EV: 11    Int: 13    God:    Lugonu [****..]
Gold:   542        SH:  0    Dex: 14    Spells: 12/13 levels left

rFire    . . .     SeeInvis .   a - +2 mace
rCold    . . .     Gourm    .   (no shield)
rNeg     . . .     Faith    .   u - +0 scale mail
rPois    .         Spirit   .   (helmet restricted)
rElec    .         Reflect  .   (no cloak)
rCorr    .         Harm     .   d - +1 pair of gloves
MR       .....                  n - +0 pair of boots
Stlth    ..........             (no amulet)
HPRegen  0.21/turn              h - ring of wizardry
MPRegen  0.13/turn              o - +6 ring of strength

@: no status effects
A: antennae 2, slimy green scales 1, foul stench 1, rot immunity
a: Depart the Abyss, Bend Space, Banish, Corrupt, Renounce Religion


You were on level 6 of the Dungeon.
You worshipped Lugonu.
Lugonu was greatly pleased with you.
You were very hungry.

You visited 1 branch of the dungeon, and saw 7 of its levels.
You visited the Abyss 1 time.

You collected 542 gold pieces.

Inventory:

Hand Weapons
 a - a +2 mace (weapon)
Armour
 d - a +1 pair of gloves (worn)
 e - a +0 plate armour
 k - a +0 chain mail
 n - a +0 pair of boots (worn)
 u - a +0 scale mail (worn)
Magical Staves
 E - an uncursed staff of air
 F - an uncursed staff of cold
Jewellery
 h - a ring of wizardry (left hand)
 i - an uncursed ring of fire
 o - a +6 ring of strength (right hand)
 C - an uncursed ring of protection from fire
Wands
 m - a wand of iceblast (10)
 p - a wand of random effects (38)
 r - a wand of disintegration (26)
 t - a wand of digging (5)
 y - a wand of polymorph (5)
Scrolls
 b - a scroll of amnesia
 v - 5 scrolls of identify
 w - a scroll of teleportation
 x - 2 scrolls of fear
 A - a scroll of remove curse
Potions
 f - a potion of curing
 g - a potion of mutation
 j - a potion of flight
 l - 2 potions of haste
 q - 2 potions of ambrosia
 s - 2 potions of might
 B - a potion of cancellation
 D - a potion of brilliance
Comestibles
 c - 10 rations


   Skills:
 + Level 6.1 Fighting
 + Level 8.0 Maces & Flails
 + Level 6.4 Armour
 + Level 3.2 Dodging
 + Level 2.6 Spellcasting
 + Level 2.2 Conjurations
 + Level 2.5 Fire Magic
 + Level 3.9 Invocations


You had 12 spell levels left.
You knew the following spells:

 Your Spells              Type           Power        Failure   Level  Hunger
a - Foxfire               Conj/Fire      #...         9%          1    #......

Your spell library contained the following spells:

 Spells                   Type           Power        Failure   Level  Hunger
 Animate Skeleton         Necr           N/A          22%         1    #......
 Apportation              Tloc           #.....       22%         1    #......
 Corona                   Hex            #......      22%         1    #......
 Summon Small Mammal      Summ           #...         22%         1    #......
 Conjure Flame            Conj/Fire      #.......     26%         3    ###....
 Inner Flame              Hex/Fire       #.......     38%         3    ###....
 Sticky Flame             Conj/Fire      #.......     61%         4    #####..
 Fireball                 Conj/Fire      #.........   91%         5    ######.


Dungeon Overview and Level Annotations

Branches:
Dungeon (7/15)             Temple (0/1) D:7

Altars:
Cheibriados
Elyvilon
Fedhas
Kikubaaqudgha
Okawaru
Ru
Trog
Uskayaw
The Shining One

Annotations:
D:2 exclusion: oklob plant


Innate Abilities, Weirdness & Mutations

You have a pair of antennae on your head.
You are partially covered in slimy green scales. (AC +2)
You may emit foul miasma when damaged in melee.
You are immune to rotting.


Message History

The hog closely misses you. The hog bites you.
* * * LOW HITPOINT WARNING * * *
You sock the hog!
The hog is heavily wounded.
The hog barely misses you.
You closely miss the hog.
The hog is heavily wounded.
The hog barely misses you.
You sock the hog!
The hog is almost dead.
The hog bites you!
* * * LOW HITPOINT WARNING * * *
The hog bites you but does no damage.
You barely miss the hog.
The hog is almost dead.
The hog closely misses you.
You barely miss the hog.
The hog is almost dead.
The hog bites you.
You die...

######≈#≈#≈#≈......#
#≈≈≈≈#≈#≈#≈#≈.......
#≈##≈≈≈≈≈#≈≈≈≈...#.#
########≈#≈#≈....#.#
###≈≈≈≈≈≈≈≈#≈≈≈.......
##.##≈#######≈#.....##.
#..##≈≈≈≈≈≈≈#≈≈≈...###.
##.##########≈≈....###.
##...h@.####...##..#...
####...#####.##.......##..
##.###.## #........###...
#....#..# ##........####..
#.......# #.........#.##..
##.......## ##..........#...
##.........# #...............
#>.......### #...............
#..........####..............


You could see a hog (sick).

Vanquished Creatures
  A hippogriff (D:7)
  Sigmund (D:2)
  2 hogs (D:6)
  Menkaure (D:5)
  A water moccasin (D:6)
  A sky beast (D:7)
  An ice beast (D:5)
  A phantom (D:6)
  4 ogres
  7 centaurs
  A bullfrog (D:6)
  Blork the orc (D:5)
  4 killer bees
  2 howler monkeys
  4 wights (D:6)
  2 crimson imps
  2 orc priests
  A jelly (D:6)
  6 orc wizards
  2 hounds
  A centaur skeleton (D:6)
  Jessica (D:2)
  Natasha (thrice) (D:4)
  4 worker ants
  A killer bee zombie (D:6)
  3 gnolls (D:2)
  8 adders
  2 oozes
  An adder zombie (D:7)
  An adder skeleton (D:6)
  5 worms
  4 dart slugs
  8 leopard geckos
  30 orcs
  7 bats
  6 giant cockroaches
  15 goblins
  6 hobgoblins
  3 jackals (D:6)
  5 quokkas
  A ball python (D:3)
  8 frilled lizards
  6 kobolds
  A leopard gecko skeleton (D:4)
  A quokka zombie (D:5)
  12 rats
  A fungus (D:2)
189 creatures vanquished.

Vanquished Creatures (others)
  A crimson imp (D:7)
  95 foxfires
96 creatures vanquished.

Grand Total: 285 creatures vanquished

Notes
Turn   | Place    | Note
-------+----------+-------------------------------------------
     0 | Abyss:1  | funkygono the Demonspawn Abyssal Knight began the quest for
                  | the Orb.
     0 | Abyss:1  | Reached XP level 1. HP: 18/18 MP: 2/2
    36 | Abyss:1  | Found a corrupted altar of Lugonu.
    63 | Abyss:1  | Noticed a large abomination
    79 | Abyss:1  | Found a corrupted altar of Lugonu.
   152 | Abyss:1  | Noticed a chaos spawn
   167 | D:1      | Escaped the Abyss
   330 | D:1      | Gained mutation: You are immune to rotting. [demonic
                  | ancestry]
   330 | D:1      | Reached XP level 2. HP: 22/24 MP: 3/3
   608 | D:1      | Reached * piety under Lugonu
   621 | D:1      | Reached skill level 1 in Dodging
   651 | D:1      | Reached XP level 3. HP: 18/30 MP: 4/4
   654 | D:1      | Reached skill level 2 in Maces & Flails
  1314 | D:2      | Reached XP level 4. HP: 15/37 MP: 5/5
  1608 | D:2      | Noticed Jessica
  1623 | D:2      | Killed Jessica
  1823 | D:2      | Reached skill level 3 in Maces & Flails
  1823 | D:2      | Gained mutation: You are partially covered in slimy green
                  | scales. (AC +2) [demonic ancestry]
  1823 | D:2      | Reached XP level 5. HP: 41/42 MP: 6/6
  2051 | D:2      | Reached ** piety under Lugonu
  2105 | D:2      | Noticed Sigmund
  2149 | D:2      | Killed Sigmund
  2149 | D:2      | Gained mutation: You may emit foul miasma when damaged in
                  | melee. [demonic ancestry]
  2149 | D:2      | Reached XP level 6. HP: 18/49 MP: 7/7
  2151 | D:2      | Reached skill level 4 in Maces & Flails
  2380 | D:2      | Found a blossoming altar of Fedhas.
  2407 | D:2      | Noticed an oklob plant
  2845 | D:3      | Found an ancient bone altar of Kikubaaqudgha.
  2845 | D:3      | Found a white marble altar of Elyvilon.
  2845 | D:3      | Found a snail-covered altar of Cheibriados.
  2845 | D:3      | Found a sacrificial altar of Ru.
  3028 | D:3      | Found a hide-covered altar of Uskayaw.
  3028 | D:3      | Found a glowing golden altar of the Shining One.
  3626 | D:4      | Noticed Natasha
  3633 | D:4      | Killed Natasha
  3633 | D:4      | Reached XP level 7. HP: 54/55 MP: 8/8
  3668 | D:4      | Reached *** piety under Lugonu
  3730 | D:4      | Reached skill level 5 in Maces & Flails
  3933 | D:4      | Noticed Natasha
  3945 | D:4      | Killed Natasha
  4008 | D:4      | Noticed Natasha
  4017 | D:4      | Found a bloodstained altar of Trog.
  4020 | D:4      | Killed Natasha
  4395 | D:4      | Found an iron altar of Okawaru.
  4585 | D:4      | Reached skill level 5 in Fighting
  5311 | D:5      | Entered Level 5 of the Dungeon
  5312 | D:5      | Noticed Blork the orc
  5445 | D:5      | Reached skill level 6 in Maces & Flails
  5501 | D:5      | Noticed Menkaure
  5512 | D:5      | HP: 1/56 [Menkaure (16)]
  5515 | D:5      | Killed Menkaure
  5515 | D:5      | Gained mutation: You have a pair of small antennae on your
                  | head. [demonic ancestry]
  5515 | D:5      | Reached XP level 8. HP: 18/62 MP: 10/10
  6258 | D:5      | Killed Blork the orc
  6662 | D:5      | Learned a level 1 spell: Foxfire
  6804 | D:6      | Reached skill level 7 in Maces & Flails
  6804 | D:6      | Reached skill level 5 in Armour
  7143 | D:6      | Reached skill level 1 in Spellcasting
  7143 | D:6      | Reached skill level 1 in Conjurations
  7143 | D:6      | Reached skill level 1 in Fire Magic
  7268 | D:6      | Gained mutation: You have a pair of antennae on your head.
                  | [demonic ancestry]
  7268 | D:6      | Reached XP level 9. HP: 23/69 MP: 11/11
  7450 | D:6      | Reached **** piety under Lugonu
  9014 | D:7      | Found a staircase to the Ecumenical Temple.
  9401 | D:7      | HP: 3/69 [hog (3)]
  9744 | D:6      | Reached skill level 8 in Maces & Flails
  9825 | D:6      | HP: 3/69 [hog (9)]
  9827 | D:6      | Slain by a hog

Illustrated notes

Levels and vault maps discovered:
D:1:      dpeg_arrival_tiny_h, layout_rooms, minmay_tiny_reverse_x
D:2:      layout_rooms, tgw_fedhas, uniq_jessica, uniq_sigmund
D:3:      layout_basic, minmay_overflow_temple_hex, lemuel_old_faithful
D:4:      layout_loops_corners, okawaru_metal_pillars_1_2,
          lemuel_coloured_pillars_altar, kennysheep_potato, uniq_natasha
D:5:      layout_cave_pools, first_ration, uniq_blork_the_orc, uniq_menkaure
D:6:      layout_cave_pools, lightli_sewer_entry_pipes, minmay_starry_boxes
D:7:      layout_cave_pools, minmay_temple_entry_steel_oval, grunt_livestock

Skill      XL: |  1  2  3  4  5  6  7  8  9 |
---------------+----------------------------+-----
Dodging        | 1 2 3 |  3.2
Armour         | 2 3 4 5 6 |  6.4
Maces & Flails | 2 3 4 6 7 8 |  8.0
Fighting       | 4 5 6 |  6.1
Invocations    | 3 |  3.9
Spellcasting   | 1 2 |  2.6
Conjurations   | 1 2 |  2.2
Fire Magic     | 1 2 |  2.5

Action                   |  1- 3 |  4- 6 |  7- 9 || total
-------------------------+-------+-------+-------++-------
Melee: Mace              |   120 |   257 |   488 ||   865
       Unarmed           |       |       |     2 ||     2
 Cast: Foxfire           |       |       |    54 ||    54
Invok: Depart the Abyss  |     1 |       |       ||     1
       Bend Space        |       |       |    13 ||    13
  Use: Scroll            |     5 |     5 |     9 ||    19
       Potion            |       |     2 |     7 ||     9
  Eat: Chunk             |     1 |     8 |    22 ||    31
Armor: Leather armour    |    20 |       |       ||    20
       Chain mail        |    71 |    89 |       ||   160
       Skin              |       |     2 |       ||     2
       Plate armour      |       |    92 |   205 ||   297
       Scale mail        |       |       |   164 ||   164
Dodge: Dodged            |    67 |    81 |   278 ||   426
